General information
- name: BNet
- type: Ladder team game (AT/RT)
- host: Battle.net
- saver: TheWhammy
map: Cherryville
- players: 8
- length: 56:39
- speed: Fast
- version: 1.26 W3XP
- replay type: Public
» download(269 KB)
Players
team 1 (loser)
rickromero5 (
orange | 26 APM | 1456 actions | 56:39)
4 Paladin
2 Holy Light
1 Divine Shield
1 Devotion Aura
» actions
| Assign group hotkey | 25 | |
| Basic commands | 27 | |
| Build / train | 99 | |
| ESC pressed | 15 | |
| Enter build submenu | 42 | |
| Enter hero's abilities submenu | 4 | |
| Give item / drop item | 4 | |
| Right click | 436 | |
| Select / deselect | 466 | |
| Select group hotkey | 224 | |
| Use ability | 114 | |
1456 total
» units
| Peasant | 42 | |
| Footman | 7 | |
| Mortar Team | 5 | |
| Sorceress | 4 | |
| Siege Engine | 10 | |
68 total
» upgrades
| Defend | 1 | |
| Lumber Harvesting | 1 | |
| Gunpowder | 3 | |
| Sorceress Training | 2 | |
| Magic Sentry | 1 | |
| Flare | 1 | |
| Barrage | 1 | |
| Fragmentation Shards | 1 | |
| Plating | 1 | |
12 total
» buildings
| Altar of Kings | 2 | |
| Farm | 14 | |
| Barracks | 1 | |
| Scout Tower | 12 | |
| Arcane Tower | 1 | |
| Keep | 2 | |
| Town Hall | 1 | |
| Blacksmith | 1 | |
| Lumber Mill | 1 | |
| Guard Tower | 4 | |
| Workshop | 3 | |
| Arcane Sanctum | 3 | |
| Castle | 1 | |
| Arcane Vault | 1 | |
47 total
» build order
00:07 Altar of Kings
00:10 Farm
00:15 Altar of Kings
00:46 Barracks
01:20 Farm
01:24 Scout Tower
01:57 Arcane Tower
02:12 Farm
03:37 Keep
03:37 Keep
03:53 Farm
04:17 Town Hall
05:38 Farm
05:42 Scout Tower
06:01 Blacksmith
06:06 Lumber Mill
06:19 Farm
06:21 Scout Tower
07:04 Farm
07:05 Scout Tower
07:11 Guard Tower
07:19 Workshop
07:25 Workshop
07:28 Arcane Sanctum
07:33 Arcane Sanctum
07:54 Arcane Sanctum
08:21 Guard Tower
08:22 Scout Tower
08:26 Scout Tower
08:58 Farm
09:37 Farm
11:19 Castle
11:45 Workshop
13:15 Scout Tower
13:16 Scout Tower
13:17 Scout Tower
13:21 Arcane Vault
14:05 Guard Tower
14:07 Scout Tower
14:08 Scout Tower
14:10 Scout Tower
14:37 Guard Tower
16:16 Farm
16:17 Farm
16:18 Farm
16:42 Farm
16:42 Farm
» items
| Circlet of Nobility | 1 | |
| Periapt of Vitality | 1 | |
2 total

»
TryME (
teal | 52 APM | 1490 actions | 28:48)
7 Blademaster
3 Wind Walk
3 Critical Strike
1 Bladestorm
4 Tauren Chieftain
2 War Stomp
2 Endurance Aura
» actions
| Assign group hotkey | 28 | |
| Basic commands | 74 | |
| Build / train | 95 | |
| Enter build submenu | 25 | |
| Enter hero's abilities submenu | 11 | |
| Give item / drop item | 2 | |
| Remove unit from queue | 4 | |
| Right click | 415 | |
| Select / deselect | 367 | |
| Select group hotkey | 361 | |
| Use ability | 108 | |
1490 total
» units
| Peon | 15 | |
| Troll Headhunter/Berserker | 17 | |
| Troll Witch Doctor | 4 | |
| Shaman | 4 | |
| Wind Rider | 7 | |
47 total
» upgrades
| Ranged Weapons | 3 | |
| Armor | 3 | |
| Troll Regeneration | 1 | |
| Berserker Upgrade | 1 | |
| Shaman Training | 2 | |
| Witch Doctor Training | 2 | |
| Reinforced Defenses | 1 | |
| Burning Oil | 1 | |
| Spiked Barricades | 2 | |
16 total
» buildings
| Altar of Storms | 1 | |
| Orc Burrow | 7 | |
| Barracks | 2 | |
| War Mill | 1 | |
| Voodoo Lounge | 1 | |
| Stronghold | 1 | |
| Fortress | 1 | |
| Spirit Lodge | 2 | |
| Great Hall | 2 | |
| Watch Tower | 3 | |
| Beastiary | 3 | |
24 total
» build order
00:07 Altar of Storms
00:09 Orc Burrow
01:17 Barracks
01:41 Orc Burrow
02:13 War Mill
02:40 Orc Burrow
02:46 Barracks
03:00 Voodoo Lounge
04:06 Stronghold
05:41 Orc Burrow
06:30 Fortress
08:48 Spirit Lodge
08:51 Spirit Lodge
09:34 Great Hall
09:36 Watch Tower
09:41 Watch Tower
09:44 Watch Tower
10:43 Orc Burrow
12:26 Orc Burrow
24:09 Orc Burrow
25:13 Beastiary
25:15 Beastiary
25:17 Beastiary
26:05 Great Hall
» items
| Healing Salve | 2 | |
| Scroll of Town Portal | 3 | |
| Boots of Speed | 1 | |
| Orb of Fire | 2 | |
| Potion of Healing | 2 | |
| Orb of Lightning | 1 | |
| Scroll of Speed | 1 | |
12 total
TheWhammy (
purple | 59 APM | 3316 actions | 56:39)
8 Archmage
3 Summon Water Elemental
3 Brilliance Aura
1 Mass Teleport
1 Blizzard
7 Mountain King
3 Storm Bolt
3 Bash
1 Avatar
» actions
| Assign group hotkey | 282 | |
| Basic commands | 230 | |
| Build / train | 158 | |
| Enter build submenu | 58 | |
| Enter hero's abilities submenu | 17 | |
| Give item / drop item | 22 | |
| Remove unit from queue | 2 | |
| Right click | 1008 | |
| Select / deselect | 738 | |
| Select group hotkey | 310 | |
| Use ability | 489 | |
3316 total
» units
| Peasant | 13 | |
| Footman | 5 | |
| Goblin Shredder | 2 | |
| Rifleman | 19 | |
| Flying Machine | 16 | |
| Gryphon Rider | 2 | |
| Goblin Sapper | 4 | |
61 total
» upgrades
| Masonry | 3 | |
| Lumber Harvesting | 1 | |
| Gunpowder | 3 | |
| Long Rifles | 1 | |
| Armor | 3 | |
| Priest Training | 1 | |
| Magic Sentry | 1 | |
| Flak Cannons | 1 | |
| Plating | 3 | |
| Animal War Training | 1 | |
| Flying Machine Bombs | 1 | |
| Swords | 3 | |
| Storm Hammers | 1 | |
23 total
» buildings
| Altar of Kings | 1 | |
| Barracks | 2 | |
| Farm | 11 | |
| Arcane Vault | 1 | |
| Keep | 2 | |
| Town Hall | 5 | |
| Lumber Mill | 2 | |
| Scout Tower | 46 | |
| Blacksmith | 1 | |
| Arcane Sanctum | 1 | |
| Guard Tower | 11 | |
| Castle | 1 | |
| Workshop | 1 | |
| Gryphon Aviary | 6 | |
91 total
» build order
00:44 Altar of Kings
00:46 Barracks
00:53 Farm
01:07 Farm
01:09 Farm
02:16 Farm
02:28 Arcane Vault
03:53 Keep
04:24 Town Hall
04:55 Lumber Mill
05:44 Farm
05:48 Farm
06:18 Scout Tower
06:18 Scout Tower
06:18 Scout Tower
06:24 Blacksmith
06:56 Barracks
07:02 Scout Tower
07:03 Scout Tower
07:04 Scout Tower
07:05 Scout Tower
07:06 Scout Tower
07:06 Scout Tower
07:07 Scout Tower
07:08 Scout Tower
07:11 Scout Tower
07:12 Scout Tower
07:13 Scout Tower
07:45 Arcane Sanctum
08:05 Guard Tower
08:08 Scout Tower
08:09 Scout Tower
08:17 Guard Tower
08:18 Guard Tower
08:59 Guard Tower
09:10 Scout Tower
09:13 Scout Tower
09:25 Lumber Mill
09:33 Guard Tower
09:37 Farm
09:40 Farm
11:29 Guard Tower
11:35 Castle
12:37 Scout Tower
12:38 Scout Tower
12:38 Scout Tower
12:40 Scout Tower
13:27 Workshop
13:30 Guard Tower
13:35 Scout Tower
13:35 Scout Tower
13:36 Scout Tower
13:37 Scout Tower
13:37 Scout Tower
13:46 Scout Tower
13:46 Scout Tower
13:47 Scout Tower
13:47 Scout Tower
13:48 Scout Tower
14:08 Guard Tower
14:58 Farm
14:59 Farm
16:31 Town Hall
23:54 Town Hall
25:26 Scout Tower
25:26 Scout Tower
25:27 Scout Tower
25:27 Scout Tower
25:28 Scout Tower
25:29 Scout Tower
25:30 Scout Tower
25:30 Scout Tower
25:30 Scout Tower
25:30 Scout Tower
25:31 Scout Tower
25:32 Scout Tower
25:32 Scout Tower
25:48 Guard Tower
28:07 Guard Tower
30:29 Guard Tower
30:43 Farm
35:42 Town Hall
41:34 Gryphon Aviary
41:41 Gryphon Aviary
41:42 Gryphon Aviary
41:42 Gryphon Aviary
41:42 Gryphon Aviary
41:46 Gryphon Aviary
43:03 Town Hall
» items
| Scroll of Regeneration | 7 | |
| Scroll of Town Portal | 7 | |
| Boots of Speed | 1 | |
| Periapt of Vitality | 6 | |
| Staff of Teleportation | 2 | |
| Potion of Lesser Invulnerability | 4 | |
| Potion of Healing | 2 | |
| Scroll of Healing | 1 | |
| Mechanical Critter | 4 | |
34 total

»
GHETTo_uNDERLOR (
yellow | 52 APM | 2939 actions | 56:30)
10 Pandaren Brewmaster
3 Breath of Fire
3 Drunken Brawler
1 Storm Earth and Fire
3 Drunken Haze
» actions
| Assign group hotkey | 210 | |
| Basic commands | 329 | |
| Build / train | 108 | |
| ESC pressed | 8 | |
| Enter build submenu | 39 | |
| Enter hero's abilities submenu | 10 | |
| Give item / drop item | 5 | |
| Right click | 763 | |
| Select / deselect | 442 | |
| Select group hotkey | 746 | |
| Use ability | 279 | |
2939 total
» units
| Wisp | 25 | |
| Archer | 3 | |
| Dryad | 24 | |
| Mountain Giant | 12 | |
| Chimaera | 2 | |
66 total
» upgrades
| Strength of the Wild | 3 | |
| Reinforced Hides | 3 | |
| Ultravision | 1 | |
| Abolish Magic | 1 | |
| Nature's Blessing | 1 | |
| Hardened Skin | 1 | |
| Resistant Skin | 1 | |
| Well Spring | 1 | |
| Corrosive Breath | 1 | |
13 total
» buildings
| Moon Well | 8 | |
| Altar of Elders | 1 | |
| Ancient of War | 1 | |
| Ancient of Wonders | 1 | |
| Tree of Ages | 3 | |
| Hunter's Hall | 1 | |
| Tree of Life | 5 | |
| Ancient of Lore | 3 | |
| Tree of Eternity | 3 | |
| Ancient of Wind | 1 | |
| Chimaera Roost | 4 | |
| Watch Tower | 11 | |
42 total
» build order
00:24 Moon Well
00:34 Altar of Elders
01:01 Moon Well
01:39 Ancient of War
02:07 Moon Well
02:41 Ancient of Wonders
03:15 Tree of Ages
03:34 Hunter's Hall
04:07 Moon Well
05:13 Tree of Life
05:16 Tree of Life
05:54 Ancient of Lore
05:56 Ancient of Lore
06:24 Ancient of Lore
06:36 Moon Well
08:52 Moon Well
08:55 Moon Well
10:00 Moon Well
15:10 Tree of Eternity
18:29 Tree of Life
22:16 Ancient of Wind
23:26 Chimaera Roost
23:26 Chimaera Roost
23:29 Chimaera Roost
23:29 Chimaera Roost
25:44 Tree of Ages
25:46 Tree of Ages
28:44 Tree of Eternity
31:14 Tree of Eternity
31:32 Watch Tower
31:34 Watch Tower
31:34 Watch Tower
31:35 Watch Tower
31:35 Watch Tower
31:36 Watch Tower
32:00 Tree of Life
32:13 Watch Tower
32:13 Watch Tower
32:14 Watch Tower
32:14 Watch Tower
32:15 Watch Tower
45:43 Tree of Life
» items
| Lesser Clarity Potion | 2 | |
| Dust of Appearance | 2 | |
| Potion of Healing | 1 | |
| Scroll of Town Portal | 3 | |
| Scroll of Healing | 1 | |
| Scroll of Protection | 1 | |
| Periapt of Vitality | 1 | |
| Orb of Venom | 1 | |
12 total
team 2 (winner)
pimp2dagamee (
pink | 40 APM | 633 actions | 15:38)
4 Demon Hunter
2 Immolation
1 Mana Burn
1 Evasion
2 Keeper of the Grove
1 Entangling Roots
1 Force of Nature
1 Dark Ranger
1 Life Drain
» actions
| Build / train | 58 | |
| Enter build submenu | 24 | |
| Enter hero's abilities submenu | 7 | |
| Right click | 240 | |
| Select / deselect | 256 | |
| Use ability | 48 | |
633 total
» units
| Wisp | 25 | |
| Huntress | 7 | |
| Hippogryph | 2 | |
| Chimaera | 3 | |
| Tauren | 2 | |
| Peon | 4 | |
43 total
» upgrades
» buildings
| Moon Well | 7 | |
| Altar of Elders | 1 | |
| Hunter's Hall | 1 | |
| Ancient of War | 1 | |
| Tree of Ages | 1 | |
| Tree of Life | 2 | |
| Tree of Eternity | 2 | |
| Ancient of Wind | 2 | |
| Chimaera Roost | 3 | |
| Ancient of Wonders | 1 | |
| Ancient Protector | 4 | |
| Orc Burrow | 2 | |
27 total
» build order
00:16 Moon Well
00:36 Altar of Elders
01:06 Moon Well
01:48 Hunter's Hall
02:09 Ancient of War
02:19 Moon Well
03:27 Moon Well
03:53 Tree of Ages
05:26 Tree of Life
06:14 Tree of Eternity
06:52 Ancient of Wind
06:55 Ancient of Wind
07:03 Moon Well
08:37 Chimaera Roost
08:42 Chimaera Roost
08:45 Chimaera Roost
09:12 Moon Well
09:17 Ancient of Wonders
10:59 Tree of Life
11:05 Ancient Protector
11:32 Ancient Protector
12:03 Ancient Protector
12:09 Ancient Protector
14:09 Orc Burrow
14:11 Orc Burrow
15:00 Moon Well
» items
RBI411 (
blue | 36 APM | 2052 actions | 56:39)
6 Firelord
3 Summon Lava Spawn
2 Soul Burn
1 Volcano
6 Keeper of the Grove
3 Entangling Roots
3 Thorns Aura
4 Blademaster
2 Critical Strike
1 Wind Walk
1 Bladestorm
2 Dark Ranger
2 Black Arrow
1 Demon Hunter
1 Immolation
3 Priestess of the Moon
1 Searing Arrows
1 Trueshot Aura
1 Starfall
» actions
| Basic commands | 87 | |
| Build / train | 125 | |
| Enter build submenu | 29 | |
| Enter hero's abilities submenu | 25 | |
| Right click | 810 | |
| Select / deselect | 854 | |
| Use ability | 121 | |
2052 total
» units
| Wisp | 26 | |
| Archer | 6 | |
| Druid of the Talon | 4 | |
| Dryad | 16 | |
| Tauren | 10 | |
| Chimaera | 4 | |
| Shaman | 11 | |
77 total
» upgrades
| Improved Bows | 1 | |
| Druid of the Talon Training | 2 | |
| Abolish Magic | 1 | |
| Strength of the Wild | 3 | |
| Reinforced Hides | 3 | |
| Mark of the Talon | 1 | |
| Shaman Training | 2 | |
| Melee Weapons | 2 | |
| Armor | 2 | |
17 total
» buildings
| Altar of Elders | 3 | |
| Moon Well | 16 | |
| Ancient of War | 2 | |
| Ancient of Wonders | 1 | |
| Tree of Ages | 2 | |
| Hunter's Hall | 1 | |
| Ancient of Wind | 3 | |
| Ancient of Lore | 4 | |
| Tree of Eternity | 1 | |
| Tree of Life | 5 | |
| Orc Burrow | 1 | |
39 total
» build order
00:08 Altar of Elders
00:12 Moon Well
00:54 Ancient of War
01:43 Moon Well
02:29 Ancient of War
02:33 Ancient of Wonders
02:37 Moon Well
03:25 Tree of Ages
05:03 Hunter's Hall
07:25 Ancient of Wind
07:27 Ancient of Wind
07:36 Ancient of Wind
07:39 Ancient of Lore
07:42 Tree of Eternity
07:45 Moon Well
10:31 Moon Well
10:33 Moon Well
11:15 Tree of Life
12:20 Moon Well
16:46 Tree of Life
17:06 Tree of Ages
17:21 Ancient of Lore
17:22 Ancient of Lore
17:26 Ancient of Lore
19:54 Moon Well
19:55 Moon Well
19:57 Moon Well
22:09 Tree of Life
22:40 Orc Burrow
23:49 Moon Well
23:50 Moon Well
30:58 Tree of Life
31:08 Altar of Elders
31:11 Moon Well
31:12 Moon Well
31:14 Moon Well
31:15 Moon Well
34:36 Altar of Elders
36:17 Tree of Life
» items
| Orb of Lightning | 1 | |
| Healing Salve | 1 | |
2 total
guit101 (
green | 30 APM | 490 actions | 16:04)
3 Priestess of the Moon
2 Trueshot Aura
1 Searing Arrows
» actions
| Assign group hotkey | 2 | |
| Build / train | 34 | |
| Enter build submenu | 20 | |
| Enter hero's abilities submenu | 3 | |
| Right click | 215 | |
| Select / deselect | 196 | |
| Use ability | 20 | |
490 total
» units
| Wisp | 10 | |
| Archer | 7 | |
| Druid of the Claw | 8 | |
25 total
» upgrades
| Druid of the Claw Training | 2 | |
| Mark of the Claw | 1 | |
3 total
» buildings
| Altar of Elders | 1 | |
| Moon Well | 5 | |
| Ancient of War | 1 | |
| Ancient of Wonders | 1 | |
| Tree of Ages | 1 | |
| Hunter's Hall | 1 | |
| Tree of Eternity | 1 | |
| Ancient of Lore | 2 | |
| Tree of Life | 2 | |
15 total
» build order
00:24 Altar of Elders
00:49 Moon Well
00:55 Ancient of War
01:54 Ancient of Wonders
02:15 Moon Well
02:57 Moon Well
03:41 Tree of Ages
04:55 Hunter's Hall
05:50 Moon Well
06:08 Moon Well
06:15 Tree of Eternity
06:57 Ancient of Lore
07:41 Ancient of Lore
13:24 Tree of Life
13:31 Tree of Life
sniperg9 (
red | 25 APM | 344 actions | 13:50)
2 Blademaster
1 Wind Walk
1 Critical Strike
1 Dark Ranger
1 Black Arrow
» actions
| Basic commands | 2 | |
| Build / train | 36 | |
| Enter build submenu | 17 | |
| Enter hero's abilities submenu | 3 | |
| Give item / drop item | 1 | |
| Remove unit from queue | 2 | |
| Right click | 146 | |
| Select / deselect | 115 | |
| Use ability | 22 | |
344 total
» units
| Peon | 6 | |
| Grunt | 5 | |
| Troll Witch Doctor | 4 | |
| Tauren | 4 | |
19 total
» upgrades
| Berserker Strength | 1 | |
| Witch Doctor Training | 2 | |
| Melee Weapons | 1 | |
| Armor | 1 | |
| Pulverize | 1 | |
6 total
» buildings
| Altar of Storms | 1 | |
| Orc Burrow | 5 | |
| Voodoo Lounge | 1 | |
| Stronghold | 1 | |
| Barracks | 1 | |
| Fortress | 1 | |
| Spirit Lodge | 1 | |
| War Mill | 1 | |
| Tauren Totem | 2 | |
14 total
» build order
00:11 Altar of Storms
00:19 Orc Burrow
00:41 Voodoo Lounge
01:34 Orc Burrow
02:56 Stronghold
03:19 Barracks
04:37 Orc Burrow
05:33 Fortress
05:38 Spirit Lodge
07:55 War Mill
08:52 Orc Burrow
10:09 Tauren Totem
11:23 Tauren Totem
11:32 Orc Burrow
» items
| Healing Salve | 1 | |
| Lesser Clarity Potion | 1 | |
2 total
Chat log
(00:07 / Allies) TheWhammy: fuck lawl
(00:08 / Allies) TheWhammy: 3 NE
(00:11 / Allies) TheWhammy: getting archmage this game
(00:12 / All) GHETTo_uNDERLOR: HOW DO I SAVE MY CHARACTER SO I DONT HAVE TO LEVEL IT UP AGAIN NEXT GAME???????????????
(00:14 / Allies) TryME: yah they rushing
(00:36 / Allies) rickromero5: ill get foots with defend to morts sorcs and tanks
(00:44 / Allies) GHETTo_uNDERLOR: MG's
(01:01 / Allies) TryME: k troll bats demo
(01:21 / Allies) TheWhammy: first game iwth my new mouse
(01:29 / Allies) GHETTo_uNDERLOR: wtf is with you guys playing like its solo? You mass one unit on random team and then bitch at your allies when you get hard co
(01:30 / Allies) GHETTo_uNDERLOR: untered
(01:31 / Allies) TryME: what mouse
(01:35 / Allies) TryME: did u purchase
(01:42 / Allies) TheWhammy: cheap MS mouse
(01:46 / Allies) TheWhammy: 20 bones
(01:51 / Allies) TryME: what happen to last one
(01:57 / Allies) TheWhammy: it's still working
(02:00 / Allies) TheWhammy: just erratically
(02:02 / Allies) TryME: i think normal 9 dollar microsoft mouse is the best
(02:13 / Allies) TheWhammy: logitech that I've had for 4 years
(02:18 / Allies) GHETTo_uNDERLOR: I buy cheap keyboards so I can rip the capslock and windows keys out
(02:24 / Allies) GHETTo_uNDERLOR: got fucking sick of whacking those keys during games
(02:36 / Allies) rickromero5: lol
(04:26 / Allies) GHETTo_uNDERLOR: what did I say I'm making again?
(04:31 / Allies) TryME: mgs
(04:33 / Allies) TryME: lol
(04:35 / Allies) GHETTo_uNDERLOR: kk
(04:36 / Allies) TheWhammy: I'll make rifles priesta
(04:43 / Allies) TryME: mgs n dryads?
(04:51 / Allies) TryME: for abolish magic
(04:52 / Allies) GHETTo_uNDERLOR: ok
(05:25 / Allies) GHETTo_uNDERLOR: lol BM harass denied
(05:29 / Allies) TryME: same
(05:30 / Allies) TryME: for me
(05:32 / Allies) TryME: he sucks
(05:38 / Allies) GHETTo_uNDERLOR: Im walled in
(05:47 / Allies) TryME: n i got burrows
(06:14 / Allies) GHETTo_uNDERLOR: towarz
(06:31 / Allies) TheWhammy: gonna alt tab and turn off music
(06:34 / Allies) TheWhammy: it's distracting
(06:43 / Allies) TheWhammy: kk
(08:10 / Allies) GHETTo_uNDERLOR: teal attention!
(09:08 / Allies) rickromero5: any extra wood please
(09:18 / Allies) GHETTo_uNDERLOR: get a shredder
(09:24 / Allies) rickromero5: purp took it
(09:30 / Allies) rickromero5: ui can just say no
(09:37 / Allies) GHETTo_uNDERLOR: purp how dare you play this game the way its meant to be played
(10:01 / Allies) TryME: wow
(10:04 / Allies) TryME: pink hero is buff
(10:05 / Allies) GHETTo_uNDERLOR: omw
(10:06 / Allies) TryME: 2 claws
(10:12 / Allies) TryME: take him down
(10:14 / Allies) TryME: when u see
(10:20 / Allies) GHETTo_uNDERLOR: duly noted
(10:57 / Allies) GHETTo_uNDERLOR: purp can you tower my expo and base up a bit please
(11:34 / Allies) GHETTo_uNDERLOR: meet at the well?
(11:41 / Allies) rickromero5: wish me luck
(11:50 / Allies) GHETTo_uNDERLOR: why would you make a pally
(11:52 / Allies) rickromero5: careful guys
(12:13 / Allies) GHETTo_uNDERLOR: always get an AM or BM for invis mortar
(12:19 / Allies) GHETTo_uNDERLOR: so you can AOE around the repairing workers
(12:30 / Allies) GHETTo_uNDERLOR: lets go distract, teal
(13:08 / Allies) TheWhammy: who has aa
(13:21 / Allies) rickromero5: i dont think grn got bears
(13:39 / Allies) rickromero5: fuck man
(13:41 / Allies) rickromero5: RED FUCKING LEAVE
(13:43 / All) TheWhammy: YOU TRYING TO KILL ME YOU KNOW I HAD ADHD?
(13:50 / All) RBI411: beats me
(14:45 / Allies) TheWhammy: hit him quick so he tps
(14:48 / Allies) rickromero5: careful guys
(15:02 / Allies) rickromero5: i almost have sheep
(15:32 / All) TheWhammy: lol
(15:46 / Allies) GHETTo_uNDERLOR: what the hell happened
(15:47 / All) TheWhammy: everybody whisper him
(16:01 / All) rickromero5: lol thats 2 for 2
(16:05 / Allies) GHETTo_uNDERLOR: we were wining that shit what happened
(16:25 / 6) TheWhammy: stay yellow and I will backstab
(16:39 / Allies) rickromero5: meet
(17:11 / 6) TheWhammy: we need to kill teal's shit
(17:29 / Allies) rickromero5: lets go
(17:42 / 7) RBI411: easier said than done right now
(18:22 / 6) TheWhammy: alright
(18:24 / 6) TheWhammy: help us kill them
(18:27 / 6) TheWhammy: don't attack yellow and me
(18:50 / Allies) rickromero5: purp is bsing!!!
(18:51 / 7) RBI411: if u dont wanna get attacked in my last stand dont be there
(18:52 / Allies) TheWhammy: Kill orange
(18:57 / Allies) TheWhammy: he is a bser
(19:00 / Allies) GHETTo_uNDERLOR: kill orange he is a backstabber
(19:04 / Allies) rickromero5: ????
(19:05 / Allies) rickromero5: wtf
(19:09 / Allies) rickromero5: how did i bs/>
(19:14 / Allies) TheWhammy: he bsed me and yellow last game
(19:16 / Allies) rickromero5: i killed 2 bases
(19:21 / Allies) rickromero5: what
(19:26 / Allies) rickromero5: i won the last game
(19:29 / Allies) rickromero5: ur mistaken me
(19:37 / Allies) rickromero5: guys we are winning
(19:42 / Allies) rickromero5: u really think i am going to bs
(19:46 / Allies) rickromero5: get ur facts straight
(19:47 / 6) TheWhammy: hide a base too
(19:59 / Allies) rickromero5: WHAT R U DOING!!!
(20:03 / Allies) rickromero5: I WANT TO WIN!!!
(20:06 / Allies) GHETTo_uNDERLOR: stopping you from backstabbing
(20:17 / Allies) rickromero5: IM FUCKING ATTACK U IDIOT
(20:34 / Allies) rickromero5: SERIOUSLY WTF!
(20:47 / Allies) rickromero5: CAN U FUCKING ATTACK RED
(20:49 / Allies) rickromero5: U ASSHOLE
(20:55 / Allies) rickromero5: WOW
(20:59 / Allies) rickromero5: U GUYS FUCKING SUCK
(21:08 / Allies) rickromero5: I FUCKING KILLED 2 BAses
(21:11 / Allies) rickromero5: singe handily
(21:15 / Allies) rickromero5: aND U GUYS DO THIS TO ME
(21:17 / Allies) rickromero5: U FUCK
(21:35 / Allies) rickromero5: well im just going to leave
(21:36 / Allies) rickromero5: fuck u guys
(21:40 / Allies) GHETTo_uNDERLOR: thanks do it
(21:42 / Allies) TheWhammy: fuck you bser
(21:49 / Allies) rickromero5: answer me this
(21:53 / Allies) rickromero5: WHEN DID I FUCKING ATTACVK U!!!!
(21:55 / Allies) TryME: i uno
(21:58 / Allies) GHETTo_uNDERLOR: last game
(22:01 / Allies) GHETTo_uNDERLOR: you backstabbed us
(22:01 / Allies) TheWhammy: last game you fucking asshole don't play dumb
(22:07 / Allies) rickromero5: NO I DIDNT
(22:09 / Allies) rickromero5: U ASSHOLE
(22:11 / Allies) rickromero5: CHECK UR FACTS
(22:30 / Allies) rickromero5: WHATEVER UIM JUST GOING TO LEAVE THIS GAME ON
(22:34 / Allies) rickromero5: if u win i get the win
(22:36 / Allies) rickromero5: so fuck u
(23:20 / 7) RBI411: where are they goin next?
(23:39 / Allies) rickromero5: careful teal u got some idiots with u
(23:40 / 6) TheWhammy: teal is right edge your map
(23:49 / 6) TheWhammy: in the middle of right edge above red base
(24:15 / Allies) GHETTo_uNDERLOR: lol
(24:28 / Allies) TheWhammy: he was gonna harass me with chippo
(24:29 / Allies) rickromero5: teal caredfu;l
(24:41 / Allies) rickromero5: wow
(24:43 / Allies) rickromero5: look at that
(24:43 / Allies) TheWhammy: tp to his base to heal up and then tp there to hit me again
(24:49 / Allies) rickromero5: u just let teal died like that
(25:02 / Allies) rickromero5: what fucking idiots
(25:10 / Allies) GHETTo_uNDERLOR: dude I cant let you feed the enemy XP
(25:12 / Allies) GHETTo_uNDERLOR: Im denying it
(25:29 / Allies) rickromero5: well thx for the win guys
(25:34 / All) GHETTo_uNDERLOR: lol plug puller
(25:35 / All) RBI411: after all this ur gonna lag out now?
(25:55 / Allies) TryME: we goin?
(26:12 / Allies) GHETTo_uNDERLOR: gonna defend at your main base
(26:15 / Allies) TheWhammy: go to your base teal
(26:22 / Allies) TheWhammy: we will defend our bases but won't attack
(26:25 / Allies) rickromero5: my god u guys are fucking dumb
(26:32 / Allies) rickromero5: we could have won with all my tanks
(26:40 / Allies) TheWhammy: tp
(26:43 / Allies) GHETTo_uNDERLOR: teal get back
(26:43 / Allies) GHETTo_uNDERLOR: behind me
(26:58 / 6) TheWhammy: hoping to get level 6
(27:52 / Allies) GHETTo_uNDERLOR: now what
(27:54 / Allies) rickromero5: yey i get my win
(28:02 / Allies) rickromero5: one win for me
(28:03 / 7) RBI411: wasnt expecting that
(28:13 / Allies) rickromero5: u c teal
(28:15 / Allies) GHETTo_uNDERLOR: TEAL IS BACKSTABBING ME OMG
(28:19 / All) TheWhammy: teal is a backstabber
(28:20 / All) TheWhammy: kill him
(28:22 / Allies) TryME: guys
(28:33 / Allies) TryME: guys
(28:34 / Allies) rickromero5: u r with idiots
(28:36 / Allies) TryME: can we just win?
(29:58 / Allies) TheWhammy: aight
(30:02 / Allies) TheWhammy: that didn't go well lawl
(30:08 / Allies) GHETTo_uNDERLOR: what now purp
(30:13 / Allies) TheWhammy: wood
(30:15 / Allies) rickromero5: maybe becuase ur a fuck face
(30:40 / 7) RBI411: whats goin on now?
(30:51 / 6) TheWhammy: I need level 6
(31:01 / 7) RBI411: yeah i caught that
(31:15 / Allies) rickromero5: i wonder if u guys like lag
(31:47 / Allies) GHETTo_uNDERLOR: where to, purp?
(31:55 / Allies) TheWhammy: getting lev 6
(32:01 / Allies) GHETTo_uNDERLOR: k
(32:12 / All) rickromero5: hey guys purp and yellow are at reds base
(32:21 / All) rickromero5: u can cut off yellow by blues base
(32:24 / All) RBI411: i thought u disconnected
(32:31 / All) rickromero5: purp ojnly has rifles
(32:37 / All) rickromero5: yellow has mgs and dyrads
(33:12 / Allies) TheWhammy: he can't rebuild like we can
(33:26 / Allies) GHETTo_uNDERLOR: how do you know
(33:42 / Allies) TheWhammy: I'm out
(33:49 / Allies) rickromero5: hurry up and win
(34:40 / Allies) GHETTo_uNDERLOR: where are you purp
(34:52 / Allies) GHETTo_uNDERLOR: k
(34:54 / Allies) GHETTo_uNDERLOR: where to?
(35:20 / Allies) GHETTo_uNDERLOR: just gonna get items first
(35:33 / 7) RBI411: still waiting for something to come of this
(35:49 / Allies) rickromero5: didnt u guys win already
(35:52 / Allies) TheWhammy: orange won't win
(35:55 / Allies) GHETTo_uNDERLOR: we're not trying to win
(36:04 / Allies) rickromero5: well gurry up
(36:10 / Allies) rickromero5: i dont got all day
(36:12 / Allies) rickromero5: fuck faces
(38:42 / Allies) GHETTo_uNDERLOR: did you get the BM>
(38:46 / Allies) TheWhammy: nope
(38:50 / Allies) GHETTo_uNDERLOR: damn
(38:51 / Allies) rickromero5: no cuz hes a fuck face
(39:05 / 7) RBI411: this was all bs wasnt it?
(39:15 / Allies) TheWhammy: We are going to kill our units
(39:26 / All) TheWhammy: We are doing a Mexican Standoff
(39:31 / Allies) GHETTo_uNDERLOR: only after finishing them enough to be 0/0 though
(39:34 / All) TheWhammy: We are leaving both teams without units or ways to produce them
(39:41 / All) TheWhammy: Then yellow and I are leaving
(39:53 / All) TheWhammy: The only way you two can win is if the other leaves
(41:21 / All) rickromero5: guys come on we won
(41:30 / All) rickromero5: can we just go and play another game
(41:37 / All) GHETTo_uNDERLOR: Not that easily
(42:05 / All) TheWhammy: We have to kill your heroes and units
(42:16 / All) GHETTo_uNDERLOR: but we will spare your bases
(43:07 / All) rickromero5: well then ill just leave this on good night guys
(43:51 / Allies) TheWhammy: bm
(44:05 / Allies) TheWhammy: bm
(44:29 / All) TheWhammy: we'll leave the warmill
(45:08 / Allies) GHETTo_uNDERLOR: thats enough we dont have to kill the rest
(45:39 / Allies) GHETTo_uNDERLOR: go tp over and kill that
(46:23 / Allies) GHETTo_uNDERLOR: Im gonna run around make sure they dont have any trees hising anywhere
(46:27 / All) RBI411: u realize if u leave hell just use ur shit to kill me right?
(46:35 / All) GHETTo_uNDERLOR: we are going to kill our own shit
(46:37 / All) TheWhammy: We are killing our own stuff
(47:27 / Allies) GHETTo_uNDERLOR: kill my well
(48:04 / Allies) GHETTo_uNDERLOR: oh that helps too
(48:08 / Allies) GHETTo_uNDERLOR: any farms or moonwells anywhere
(48:32 / Allies) GHETTo_uNDERLOR: nope, sweet
(48:37 / Allies) GHETTo_uNDERLOR: gonna start killing my stuff now
(49:34 / Allies) GHETTo_uNDERLOR: lol epic tree battle
(49:40 / Allies) TheWhammy: big one is gonna win
(49:41 / All) RBI411: guess ill just go play some d3
(49:48 / Allies) GHETTo_uNDERLOR: yeah
(50:00 / All) GHETTo_uNDERLOR: excellent
(51:05 / Allies) TheWhammy: alright orange teal and I are at 0 food
(51:07 / Allies) TheWhammy: only I have units
(51:11 / Allies) TheWhammy: will search for red
(51:27 / Allies) GHETTo_uNDERLOR: we killed reds BM already
(51:30 / Allies) GHETTo_uNDERLOR: dont think he has anything left
(53:01 / Allies) GHETTo_uNDERLOR: allright Im at zero food now
(53:24 / Allies) GHETTo_uNDERLOR: good catch
(54:09 / Allies) GHETTo_uNDERLOR: gonna run my stuff to your towers
(55:30 / All) TheWhammy: Alright well
(55:36 / Allies) GHETTo_uNDERLOR: ok will check these guys' web profiles tomorrow
(55:38 / All) TheWhammy: if we didn't catch everything, tough luck for orange
(55:52 / All) GHETTo_uNDERLOR: lol
(55:55 / All) GHETTo_uNDERLOR: yeah :/
(56:04 / All) GHETTo_uNDERLOR: we've pretty much drained all the gold anyway
(56:07 / All) GHETTo_uNDERLOR: so theres not much you can do
(56:10 / All) GHETTo_uNDERLOR: against all the towers
(56:27 / All) GHETTo_uNDERLOR: allright later all
(56:37 / All) TheWhammy: Good luck, gents